 Dungeon Crawl Stone Soup version 0.21-a0-417-g0adc95b (webtiles) character file.

2140 TheDeThijs the Cruncher (level 9, -5/70 HPs)
             Began as a Minotaur Berserker on Nov 2, 2017.
             Was an Elder of Trog.
             Slain by a troll (6 damage)
             ... on level 6 of the Dungeon on Nov 3, 2017.
             The game lasted 00:25:51 (5636 turns).

TheDeThijs the Cruncher (Minotaur Berserker)        Turns: 5636, Time: 00:25:52

Health: -5/70      AC: 11    Str: 24 (25) XL:     9   Next: 9%
Magic:  8/8        EV: 10    Int:  2 (4)  God:    Trog [****..]
Gold:   380        SH:  0    Dex:  9 (10) Spells: 8/8 levels left

rFire    . . .     SeeInvis .   p - +3 quarterstaff (chaos)
rCold    . . .     Gourm    .   (shield currently unavailable)
rNeg     + . .     Faith    .   D - +1 scale mail {rN+}
rPois    .         Spirit   .   (helmet restricted)
rElec    .         Reflect  .   (no cloak)
rCorr    .         Harm     .   (no gloves)
MR       ++...     Clarity  +   (no boots)
Stlth    ..........             (no amulet)
HPRegen  1.21/turn              k - +3 ring of protection
MPRegen  0.11/turn              v - +1 ring of protection

@: regenerating
A: retaliatory headbutt, horns 2, blink, clarity
a: Blink, Berserk, Trog's Hand, Brothers in Arms, Burn Spellbooks, Renounce
Religion


You were on level 6 of the Dungeon.
You worshipped Trog.
Trog was greatly pleased with you.
You were hungry.

You visited 1 branch of the dungeon, and saw 7 of its levels.

You collected 380 gold pieces.

Inventory:

Hand Weapons
 p - a +3 quarterstaff of chaos (weapon)
 C - a +1 flail of draining
Missiles
 l - 5 tomahawks (quivered)
Armour
 b - a +0 animal skin
 A - a +0 large shield
 B - a +0 plate armour
 D - a +1 scale mail of positive energy (worn)
Jewellery
 k - a +3 ring of protection (left hand)
 v - a +1 ring of protection (right hand)
 y - an uncursed ring of ice
Wands
 e - a wand of confusion (25/48)
 o - a wand of random effects (15/48)
Scrolls
 d - 2 scrolls of enchant weapon
 f - a scroll of amnesia {unknown}
 j - 3 scrolls of remove curse
 n - a scroll of magic mapping {unknown}
 s - 2 scrolls of identify
 w - a scroll of enchant armour {unknown}
 E - 2 scrolls of teleportation {unknown}
 F - a scroll of fear {unknown}
Potions
 i - a potion of degeneration
Comestibles
 a - a fruit
 c - 2 bread rations
 g - a chunk of flesh
 h - 3 meat rations
 m - 3 royal jellies


   Skills:
 - Level 3.6 Fighting
 - Level 6.0(10.3) Maces & Flails
 * Level 12.9(13.3) Staves
 - Level 2.9 Armour
 - Level 2.1 Dodging


You had 8 spell levels left.
You didn't know any spells.

Dungeon Overview and Level Annotations

Branches:
Dungeon (7/15)             Temple (0/1) D:6

Altars:
Hepliaklqana
Nemelex Xobeh

Shops:
D:4 *


Innate Abilities, Weirdness & Mutations

You reflexively headbutt those who attack you in melee.
You have a pair of horns on your head.
You can translocate small distances at will.
You possess an exceptional clarity of mind.


Message History

Something claws you.
* * * LOW HITPOINT WARNING * * *
Something claws you.
* * * LOW HITPOINT WARNING * * *
Okay, then.
You are feeling hungry.
There is an escape hatch in the ceiling here.
Something bites you but does no damage. Something claws you.
* * * LOW HITPOINT WARNING * * *
Something claws you but does no damage. A mysterious force pulls you upwards.
The hatch slams shut behind you. Something bites you.
* * * LOW HITPOINT WARNING * * *
Something claws you but does no damage. x2
Your skin crawls.
You feel resistant to hostile enchantments.
You feel somewhat more hungry. Something bites you!
* * * LOW HITPOINT WARNING * * *
Something claws you.
You die...

...### #.## ##...# .....#
#..# ###....# ####.# ##.#
##......# #.# #.# #..##...#
## #.# #.# #.##########
.###.#### #.# ##..<.......#
........####.####...........#
.....##...........#.........#
####..#.######..@..[........#
# ##.#.####...###......_...#
####.........### #..........#
.#...#......## ##.........#
....#.......# #..########
.##.#..(....### ##..###
.##.#.....<...####.....#
.##......#.##...##.###.##
########....###....# #..#


There were no monsters in sight!

Vanquished Creatures
  The ghost of n0claF the Insei, an amateur MfTm (D:4)
  A steam dragon (shapeshifter) (D:6)
  Edmund (D:5)
  4 phantoms
  3 ogres
  2 centaurs (D:5)
  3 bullfrogs
  A scorpion (D:7)
  A crimson imp (D:6)
  A bullfrog zombie (D:4)
  A quasit (D:7)
  A bullfrog skeleton (D:5)
  A jelly (D:6)
  3 hounds
  Crazy Yiuf (D:2)
  3 iguanas
  8 worker ants
  A howler monkey zombie (D:7)
  8 adders
  2 oozes (D:1)
  2 worms
  An adder skeleton (D:5)
  2 dart slugs (D:1)
  7 leopard geckos
  9 orcs
  4 giant cockroaches
  8 goblins
  6 hobgoblins
  2 jackals (D:6)
  5 quokkas
  A ball python (D:1)
  4 bats
  5 frilled lizards
  A jackal skeleton (D:6)
  6 kobolds
  2 leopard gecko skeletons (D:4)
  2 quokka skeletons (D:5)
  3 rats
  A plant (D:4)
118 creatures vanquished.

Notes
Turn   | Place    | Note
-------+----------+-------------------------------------------
     0 | D:1      | TheDeThijs the Minotaur Berserker began the quest for the Orb.
     0 | D:1      | Reached XP level 1. HP: 19/19 MP: 0/0
   535 | D:1      | Reached XP level 2. HP: 26/26 MP: 1/1
  1093 | D:1      | Reached XP level 3. HP: 31/31 MP: 2/2
  1506 | D:2      | Reached skill level 5 in Maces & Flails
  1632 | D:2      | Reached ** piety under Trog
  2034 | D:2      | Found a runed door.
  2038 | D:2      | Noticed Crazy Yiuf
  2043 | D:2      | Killed Crazy Yiuf
  2043 | D:2      | Reached XP level 4. HP: 21/39 MP: 3/3
  2366 | D:3      | Reached skill level 1 in Staves
  2478 | D:3      | Found a hazy altar of Hepliaklqana.
  2537 | D:3      | Reached skill level 2 in Staves
  2822 | D:4      | Reached skill level 3 in Staves
  2822 | D:4      | Reached XP level 5. HP: 7/45 MP: 4/4
  2882 | D:4      | Noticed n0claF's ghost (amateur MfTm)
  3073 | D:4      | Killed n0claF's ghost
  3073 | D:4      | Reached skill level 5 in Staves
  3073 | D:4      | Reached XP level 6. HP: 42/51 MP: 5/5
  3225 | D:4      | Found a sparkling altar of Nemelex Xobeh.
  3281 | D:4      | Reached skill level 6 in Staves
  3740 | D:4      | Reached skill level 7 in Staves
  3740 | D:4      | Reached XP level 7. HP: 57/57 MP: 6/6
  4007 | D:4      | Reached *** piety under Trog
  4069 | D:4      | Found Erphuguo's Assorted Antiques.
  4277 | D:5      | Entered Level 5 of the Dungeon
  4284 | D:5      | Reached skill level 8 in Staves
  4661 | D:5      | Reached skill level 9 in Staves
  4676 | D:5      | Noticed Edmund
  4683 | D:5      | Killed Edmund
  4683 | D:5      | Reached XP level 8. HP: 63/64 MP: 7/7
  4847 | D:6      | Found a sparkling altar of Nemelex Xobeh.
  4921 | D:6      | Reached skill level 10 in Staves
  4946 | D:6      | Reached skill level 11 in Staves
  4951 | D:6      | Gained mutation: You possess an exceptional clarity of mind. [potion of mutation]
  4951 | D:6      | Gained mutation: You can translocate small distances at will. [potion of mutation]
  5029 | D:6      | Found a staircase to the Ecumenical Temple.
  5271 | D:6      | Reached skill level 12 in Staves
  5471 | D:7      | Reached **** piety under Trog
  5471 | D:7      | Reached XP level 9. HP: 51/70 MP: 8/8
  5488 | D:7      | Upgraded the game from 0.21-a0-414-gba8bdf1 to 0.21-a0-417-g0adc95b
  5594 | D:7      | Noticed a troll
  5636 | D:6      | HP: 1/70 [something (9)]
  5636 | D:6      | Slain by a troll

Vault maps used:
D:1:      dpeg_arrival_arbitrary_a, minmay_circled_x
D:2:      uniq_crazy_yiuf_cottage
D:3:      first_bread, lemuel_statue_altar
D:4:      nemelex_xobeh_ov_fountains_minmay, serial_shops,
          nicolae_shop_overgrown_old_shop, kennysheep_boxes
D:5:      uniq_edmund
D:6:      minmay_temple_entry_from_below_a, basic_altar
D:7:      the_bakery, grunt_qazlal_clouds, uniq_duvessa, uniq_joseph

Skill      XL: |  1  2  3  4  5  6  7  8 |
---------------+-------------------------+-----
Maces & Flails | 4 6 |  6.0
Staves         | 3 5 7 9 12 | 12.9
Fighting       | |  3.6
Armour         | |  2.9
Dodging        | |  2.1

Action                   |  1- 3 |  4- 6 |  7- 9 || total
-------------------------+-------+-------+-------++-------
Melee: Mace              |    73 |       |       ||    73
       Headbutt          |    10 |     5 |    32 ||    47
       Quarterstaff      |       |    53 |   163 ||   216
Throw: Tomahawk          |     5 |    19 |     1 ||    25
Invok: Berserk           |       |     2 |     1 ||     3
       Burn Spellbooks   |       |     1 |       ||     1
       Trog's Hand       |       |       |     2 ||     2
  Use: Scroll            |       |       |     7 ||     7
       Potion            |       |       |     7 ||     7
 Stab: Sleeping          |       |     1 |       ||     1
       Confused          |       |     1 |       ||     1
  Eat: Chunk             |     1 |     3 |     7 ||    11
       Royal jelly       |     1 |       |       ||     1
       Bread ration      |       |     1 |       ||     1
Armor: Animal skin       |     9 |     2 |     2 ||    13
       Leather armour    |       |       |     7 ||     7
       Scale mail        |       |       |    50 ||    50
Dodge: Dodged            |    55 |    34 |    69 ||   158

Table legend:
 A = Spawn XP
 B = Non-spawn XP
 C = Spawn XP percentage of total XP
 D = Spawn monster count
 E = Non-spawn monster count
 F = Spawn count percentage of total count
 G = Total turns spent on level
                    A         B        C        D         E        F      G
               +---------+---------+-------+---------+---------+-------+---------
         Total |       0 |    3058 |   0.0 |       0 |     117 |   0.0 |  5636
               +---------+---------+-------+---------+---------+-------+---------
           D:1 |       0 |      50 |   0.0 |       0 |      22 |   0.0 |  1503
           D:2 |       0 |      77 |   0.0 |       0 |      14 |   0.0 |   755
           D:3 |       0 |      58 |   0.0 |       0 |      13 |   0.0 |   734
           D:4 |       0 |     718 |   0.0 |       0 |      20 |   0.0 |  1285
           D:5 |       0 |     528 |   0.0 |       0 |      14 |   0.0 |   570
           D:6 |       0 |    1035 |   0.0 |       0 |      23 |   0.0 |   523
           D:7 |       0 |     592 |   0.0 |       0 |      11 |   0.0 |   266
               +---------+---------+-------+---------+---------+-------+---------
